AoeStats
← Kelly271888

Arabia

510739117Analyzed
1v1 RM · 13h ago on Oct 2, 2026· 65m 0s· 2 players
Game mode
Random Map
Map size
Tiny (2 player)
Population
200
Speed
Normal
Resources
Standard
Victory
Conquest
Starting age
Dark Age
Ending age
Imperial Age
RankedLock teamsTeams togetherTeam positionsShared explorationLock speedFull tech treeHidden civsTurbo modeCheats
Victory
Defeat
🇦🇷 Magyars · Argentina
1495
+18
🇭🇰 Byzantines · Hong Kong SAR China
1536
-18
AM_VN
6:18 Loom
9:29 Feudal Age
9:55 Double-Bit Axe
20:22 Castle Age
18:52 Scale Barding Armor
18:52 Gold Mining
19:54 Bloodlines
21:37 Chain Barding Armor
23:00 Husbandry
26:15 Bow Saw
32:00 Horse Collar
34:04 Wheelbarrow
38:20 Imperial Age
36:30 Fletching
36:40 Padded Archer Armor
39:17 Bodkin Arrow
40:28 Chemistry
39:45 Town Watch
40:31 Parthian Tactics
40:23 Leather Archer Armor
41:11 Bracer
41:36 Ballistics
44:01 Ring Archer Armor
45:11 Thumb Ring
45:52 Conscription
45:43 Heavy Plow
46:19 Heavy Cavalry Archer
49:03 Plate Barding Armor
49:02 Masonry
51:19 Light Cavalry
53:15 Hussar
63:08 Elite Skirmisher
Kelly271888
7:10 Loom
9:13 Feudal Age
10:09 Double-Bit Axe
17:11 Fletching
21:48 Castle Age
19:58 Gold Mining
19:50 Horse Collar
20:46 Scale Mail Armor
20:47 Padded Archer Armor
21:26 Forging
21:53 Crossbowman
22:29 Bodkin Arrow
23:02 Bow Saw
24:28 Chain Mail Armor
24:27 Pikeman
25:08 Squires
26:29 Sanctity
27:03 Padded Archer Armor
31:57 Wheelbarrow
38:26 Imperial Age
36:35 Scale Barding Armor
37:05 Iron Casting
37:17 Hand Cart
37:45 Chain Barding Armor
38:31 Heavy Camel Rider
39:11 Husbandry
40:20 Plate Barding Armor
40:29 Gold Shaft Mining
40:42 Conscription
41:11 Bracer
40:35 Arbalester
42:32 Leather Archer Armor
42:28 Thumb Ring
43:27 Chemistry
43:43 Two-Man Saw
44:11 Ring Archer Armor
43:03 Elite Skirmisher
48:17 Ballistics
47:38 Treadmill Crane
48:56 Heavy Plow
50:00 Murder Holes
53:09 Light Cavalry
54:57 Crop Rotation
59:12 Halberdier
60:24 Plate Mail Armor
60:53 Gambesons
60:54 Arson
Connection lost

Rejoining the realm…

Still unreachable

The connection could not be restored.

Session expired

The server has moved on; the page needs a fresh start.